 Dungeon Crawl Stone Soup version 0.29-a0-352-g0917bc69df (webtiles) character file.

Game seed: 9418109587983679802

646 NinjaNoafa the Conjurer (level 7, 0/57 HPs)
             Began as a Purple Draconian Conjurer on Apr 23, 2022.
             Slain by an ice beast (6 damage)
             ... on level 5 of the Dungeon.
             The game lasted 00:13:22 (5585 turns).

NinjaNoafa the Conjurer (Purple Draconian Conjurer) Turns: 5585, Time: 00:13:23

Health: 0/57       AC: 10    Str: 10    XL:     7   Next: 27%
Magic:  0/12       EV: 27    Int: 20    God:
Gold:   293        SH:  0    Dex:  9    Spells: 10/13 levels left

rFire   + . .      SeeInvis .   u - staff of earth
rCold   . . .      Faith    .   (no shield)
rNeg    . . .      Spirit   .   (body armour unavailable)
rPois   .          Reflect  .   (helmet restricted)
rElec   .          Harm     .   x - scarf {shadows}
rCorr   +          Rampage  .   j - +0 pair of gloves
Will    +....                   p - +2 pair of boots
Stlth   ++........              s - amulet of the acrobat
HPRegen 0.19/turn               g - ring of protection from fire
MPRegen 0.13/turn               n - ring of resist corrosion

@: acrobatic, slowed, very slow
A: breathe power, AC +6, unfitting armour, cold-blooded
a: Breathe Dispelling Energy


You were on level 5 of the Dungeon.
You visited 1 branch of the dungeon, and saw 5 of its levels.

You collected 293 gold pieces.

Inventory:

Hand Weapons
 c - a +0 dagger
 i - a +1 short sword of protection
Missiles
 b - 121 stones
 k - 14 poisoned darts (quivered)
Armour
 j - a +0 pair of gloves (worn)
 p - a +2 pair of boots (worn)
 x - a scarf of shadows (worn)
Magical Staves
 u - a staff of earth (weapon)
Jewellery
 g - a ring of protection from fire (left hand)
 n - a ring of resist corrosion (right hand)
 s - an amulet of the acrobat (around neck)
Scrolls
 d - a scroll of torment {unknown}
 f - a scroll of enchant armour
 h - 5 scrolls of teleportation
 r - a scroll of magic mapping
 t - a scroll of immolation
 v - a scroll of vulnerability
Potions
 a - 2 potions of magic
 e - a potion of resistance {unknown}
 l - a potion of lignification
 m - 4 potions of curing
 o - a potion of invisibility
 q - 3 potions of heal wounds
 w - 2 potions of ambrosia {unknown}


   Skills:
 - Level 3.0 Fighting
 * Level 2.3 Staves
 - Level 2.6 Dodging
 - Level 3.0 Stealth
 + Level 3.8 Spellcasting
 + Level 4.8 Conjurations
 + Level 2.1 Hexes
 * Level 2.3 Earth Magic
 * Level 2.6 Evocations


You had 10 spell levels left.
You knew the following spells:

 Your Spells              Type           Power      Damage    Failure   Level
a - Magic Dart            Conj           92%        1d7       1%          1
b - Searing Ray           Conj           46%        2d6       2%          2

Your spell library contained the following spells:

 Spells                   Type           Power      Damage    Failure   Level
 Dazzling Flash           Conj/Hex       34%        N/A       10%         3
 Freeze                   Ice            12%        1d4       13%         1
 Blink                    Tloc           6%         N/A       21%         2
 Fulminant Prism          Conj/Hex       8%         3d7       30%         4
 Frozen Ramparts          Ice            6%         1d2       36%         3
 Hailstorm                Conj/Ice       13%        3d5       43%         4
 Iskenderun's Mystic Bla  Conj/Tloc      13%        2d5       43%         4
 Starburst                Conj/Fire      6%         6d4       100%        6
 Malign Gateway           Summ/Tloc      1%         N/A       100%        7


Dungeon Overview and Level Annotations

Branches:
Dungeon (5/15)
 Temple: D:4-7

Altars:


Innate Abilities, Weirdness & Mutations

You can breathe bolts of dispelling energy.
Your rich purple scales are hard. (AC +6)
You cannot fit into any form of body armour.
You are cold-blooded and may be slowed by cold attacks.


Message History

Press: ? - help, Shift-Dir - straight line, f/p - ice beast
Aim: an ice beast (severely wounded, 100% to hit)
The magic dart hits the ice beast.
The ice beast is severely wounded.
The ice beast barely misses you. The ice beast misses you.
The ice beast attacks as you move away! The ice beast barely misses you.
Casting: Magic Dart (safe; 1% risk of failure)
Confirm with . or Enter, or press ? or * to list all spells.
Aiming: Magic Dart (safe; 1% risk of failure)
Press: ? - help, Shift-Dir - straight line, f/p - ice beast
Aim: an ice beast (severely wounded, 100% to hit)
The magic dart hits the ice beast but does no damage.
The ice beast is severely wounded.
The ice beast barely misses you. The ice beast attacks as you move away!
The ice beast completely misses you. The ice beast attacks as you move away!
The ice beast completely misses you.
Casting: Magic Dart (safe; 1% risk of failure)
Confirm with . or Enter, or press ? or * to list all spells.
Aiming: Magic Dart (safe; 1% risk of failure)
Press: ? - help, Shift-Dir - straight line, f/p - ice beast
Aim: an ice beast (severely wounded, 100% to hit)
The magic dart hits the ice beast.
The ice beast is almost dead.
The ice beast hits you but does no damage.
You barely miss the ice beast.
The ice beast is almost dead.
The ice beast barely misses you.
You completely miss the ice beast.
The ice beast is almost dead.
The ice beast hits you but does no damage.
You hit the ice beast but do no damage.
The ice beast is almost dead.
The ice beast hits you. The ice beast freezes you!
You feel yourself slow down.
* * * LOW HITPOINT WARNING * * *
The ice beast attacks as you move away! The ice beast misses you.
The ice beast hits you.
* * * LOW HITPOINT WARNING * * *
The ice beast freezes you.
You die...

.$..###
......###
..#.....###
######....####
###.....###
###.....###
###.....####.#
##........#
###Y@....#
###...## ##.#
.. .. .


You could see an ice beast.

Vanquished Creatures
  A black bear (D:5)
  An ogre (D:4)
  A necrophage (D:4)
  A scorpion (D:5)
  2 iguanas
  Natasha (thrice) (D:4)
  3 gnolls (D:4)
  10 adders
  A white imp (D:5)
  4 worms
  7 orcs
  6 endoplasms
  7 giant cockroaches
  7 goblins
  6 hobgoblins
  2 jackals (D:1)
  6 kobolds
  4 quokkas
  5 ball pythons
  2 bats
  4 frilled lizards
  6 rats
89 creatures vanquished.

Notes
Turn   | Place    | Note
-------+----------+-------------------------------------------
     0 | D:1      | NinjaNoafa the Draconian Conjurer began the quest for the
                  | Orb.
     0 | D:1      | Reached XP level 1. HP: 14/14 MP: 3/3
   122 | D:1      | Found a faded altar of an unknown god.
   321 | D:1      | Reached XP level 2. HP: 22/22 MP: 1/5
   405 | D:1      | Learned a level 2 spell: Searing Ray
  1492 | D:2      | Reached skill level 1 in Fighting
  1492 | D:2      | Reached XP level 3. HP: 28/28 MP: 2/6
  1713 | D:2      | Got the Tome of Excruciating Translocation
  2385 | D:2      | Reached XP level 4. HP: 35/35 MP: 2/7
  2476 | D:2      | You fall into a shaft and drop 2 floors!
  2516 | D:4      | Noticed Natasha
  3576 | D:2      | Reached XP level 5. HP: 41/41 MP: 2/8
  3871 | D:4      | Killed Natasha
  4234 | D:4      | Noticed Natasha
  4239 | D:4      | Killed Natasha
  4415 | D:4      | Reached skill level 1 in Hexes
  4415 | D:4      | Reached skill level 1 in Earth Magic
  4415 | D:4      | Reached skill level 1 in Evocations
  4415 | D:4      | Reached XP level 6. HP: 44/51 MP: 0/10
  4466 | D:4      | Noticed Natasha
  4473 | D:4      | Killed Natasha
  4474 | D:4      | Reached skill level 1 in Staves
  5043 | D:5      | Entered Level 5 of the Dungeon
  5259 | D:5      | Your scales start taking on a rich purple colour.
  5259 | D:5      | Reached XP level 7. HP: 42/57 MP: 12/12
  5585 | D:5      | Slain by an ice beast

Illustrated notes

Levels and vault maps discovered:
D:1:      scummos_arrival_simple_fountains, layout_basic,
          hellmonk_ecumenical_altar_lost_god
D:2:      layout_basic, minmay_divided_ellipse
D:3:      layout_basic, serial_park_tiny_1
D:4:      layout_cave_pools, kennysheep_generic_room_3, uniq_natasha
D:5:      layout_cave_pods

Skill      XL: |  1  2  3  4  5  6  7 |
---------------+----------------------+-----
Dodging        | 2 |  2.6
Stealth        | 2 3 |  3.0
Fighting       | 1 3 |  3.0
Hexes          | 1 2 |  2.1
Earth Magic    | 1 2 |  2.3
Evocations     | 1 2 |  2.6
Staves         | 1 2 |  2.3
Spellcasting   | 3 |  3.8
Conjurations   | |  4.8

Action                   |  1- 3 |  4- 6 |  7- 9 || total
-------------------------+-------+-------+-------++-------
Melee: Dagger            |     6 |       |       ||     6
       Tailslap          |     4 |     9 |     4 ||    17
       Punch             |     1 |     2 |       ||     3
       Short sword       |    18 |    21 |       ||    39
       Staff             |       |    86 |    13 ||    99
Throw: Dart              |     5 |    18 |     4 ||    27
 Cast: Magic Dart        |    63 |    27 |    10 ||   100
       Searing Ray       |     5 |    27 |     6 ||    38
 Abil: Breathe Dispellin |       |       |     1 ||     1
  Use: Potion            |       |     7 |       ||     7
       Scroll            |       |     5 |       ||     5
 Stab: Sleeping          |       |     2 |       ||     2
Armor: Skin              |     9 |    99 |    21 ||   129
Dodge: Dodged            |    28 |   150 |    54 ||   232

Table legend: (Time is in decaauts)
 A = Elapsed time spent in this place.
 B = Non-inter-level travel time spent in this place.
 C = Inter-level travel time spent in this place.
 D = Time resting spent in this place.
 E = Time spent auto-exploring this place.
 F = Levels seen in this place.
 G = Mean time per level.
                   A        B        C        D        E       F      G
               +--------+--------+--------+--------+--------+-----+--------+
         Total |   5592 |   5465 |    127 |    238 |   4369 |   5 | 1118.4 |
       Dungeon |   5592 |   5465 |    127 |    238 |   4369 |   5 | 1118.4 |
               +--------+--------+--------+--------+--------+-----+--------+

Top non-repeatable levels by time:
     D:2: 1666 daAuts
     D:1: 1385 daAuts
     D:4: 1266 daAuts
     D:3: 727 daAuts
     D:5: 545 daAuts
